 Dungeon Sprint DCSS version 0.28-a0-1389-gc726bef33b (webtiles) character file.

Game seed: 11234938552048172024

13000000 jt the Axe Maniac (level 27, -1/199 HPs)
             Began as a Gargoyle Artificer on Jan 3, 2022.
             Was the Champion of Makhleb.
             Killed from afar by an observer (82 damage)
             ... with a fireball
             ... in the Dungeon (Sprint VIII: "Arena of Blood").
             The game lasted 00:09:25 (130 turns).

jt the Axe Maniac (Gargoyle Artificer)               Turns: 130, Time: 00:09:26

Health: -1/199     AC: 27    Str: 19    XL:     27
Magic:  40/54      EV: 32    Int: 13    God:    Makhleb [******]
Gold:   0          SH:  0    Dex: 20    Spells: 80/80 levels left

rFire   . . .      SeeInvis .   l - +∞ Axe of Woe
rCold   . . .      Faith    .   (shield currently unavailable)
rNeg    + . .      Spirit   .   b - +0 leather armour
rPois   ∞          Reflect  .   (no helmet)
rElec   +          Harm     .   (no cloak)
rCorr   .          Rampage  .   (no gloves)
Will    ++...      NoTele   +   (no boots)
Stlth   ++++++++++              (no amulet)
HPRegen 0.43/turn               (no ring)
MPRegen 0.34/turn               (no ring)

@: flying
A: sickness immunity, AC +20, big wings, negative energy resistance 1,
electricity resistance, torment resistance 1, petrification resistance
a: Renounce Religion, Minor Destruction, Lesser Servant of Makhleb, Major
Destruction, Greater Servant of Makhleb


You were in the Dungeon.
You worshipped Makhleb.
Makhleb was exalted by your worship.
You visited 1 branch

Inventory:

Hand Weapons
 a - a +0 club
 l - the +∞ Axe of Woe (weapon)
   (You found it in the Dungeon)
Armour
 b - a +0 leather armour (worn)
Wands
 c - a wand of flame (15) (quivered)
 d - a wand of charming (15)
Scrolls
 k - a scroll of blinking
Potions
 f - a potion of curing
 g - a potion of heal wounds
 i - 2 potions of magic
 j - a potion of berserk rage
Miscellaneous
 e - a piece from Xom's chessboard (15/15)


   Skills:
 O Level 27 Fighting
 O Level 27 Short Blades
 O Level 27 Long Blades
 O Level 27 Axes
 O Level 27 Maces & Flails
 O Level 27 Polearms
 O Level 27 Staves
 O Level 27 Slings
 O Level 27 Bows
 O Level 27 Crossbows
 O Level 27 Throwing
 O Level 27 Armour
 O Level 27 Dodging
 O Level 27 Stealth
 O Level 27 Shields
 O Level 27 Unarmed Combat
 O Level 27 Spellcasting
 O Level 27 Conjurations
 O Level 27 Hexes
 O Level 27 Summonings
 O Level 27 Necromancy
 O Level 27 Translocations
 O Level 27 Transmutations
 O Level 27 Fire Magic
 O Level 27 Ice Magic
 O Level 27 Air Magic
 O Level 27 Earth Magic
 O Level 27 Poison Magic
 O Level 27 Invocations
 O Level 27 Evocations


You had 80 spell levels left.
You didn't know any spells.
Your spell library was empty.

Dungeon Overview and Level Annotations

Branches:
Dungeon (1/1)

Altars:
Makhleb


Innate Abilities, Weirdness & Mutations

You are immune to sickness and miasma.
Your stone body is resilient. (AC +20)
You are immune to poison.
Your large and strong wings let you fly.
You resist negative energy. (rN+)
You are resistant to electric shocks. (rElec)
You are resistant to unholy torment.
You are immune to petrification.


Message History

The bolt of magma hits the eight-headed meat hydra!!!
The eight-headed meat hydra is almost dead.
The bolt of magma hits the dread!!!
The dread is lightly damaged.
The fleshlord appears out of thin air!
A fleshlord comes into view. It is wielding a +9 great mace.
You hear a shout! x3
Your balrug gestures at the dread.
The dread is smitten.
The bag of meat closely misses your balrug.
The dread calls on the powers of darkness!
The eight-headed meat hydra convulses!
The bag of meat convulses!
Your body is wracked with pain!
The fleshlord convulses! x2
Something is bathed in an unholy light!
The fleshlord convulses!
You feel something staring at you. Something smites you!
You hear a shout!
Unknown command.
Aiming: Major Destruction (0% risk of failure)
Press: ? - help, Shift-Dir - straight line, f/p - dread
Aim: a dread (moderately damaged)
The bolt of magma hits the dread!!!
The dread is moderately damaged.
The bolt of magma hits the eight-headed meat hydra!!
You kill the eight-headed meat hydra!
Makhleb accepts your kill.
You feel better.
You hear a shout!
You feel something staring at you. Something smites you!
Your balrug hits the bag of meat with a +1 demon whip of electrocution!
The bag of meat is engulfed in flames!
Lightning courses through the bag of meat!!
The bag of meat dies!
Makhleb accepts your kill.
You hear a shout! x4; You feel something staring at you.
A fireball appears from out of thin air!
The fireball explodes!
Deactivating autopickup; reactivate with Ctrl-A.
The fireball engulfs you!!!!
You die...

......
#............#....
#.....o...#......##
#....#.o...........
#....##.......#...)
#W)...#.....#.....)
#2W....###o.....)))
#)))..##..X)#..)).)
#)@p.#..L)X)))#).).
#.)))#.).X.†°)§))..
#.)p.).†).))))§).##
#...)..†.....)°)...
#.......{..........
#.......p.#........
#........#.#.#.....
#.........#.#......
#..###...#.#.#.....


You could see 3 fleshlords, 2 dreads and a friendly balrug (summoned).

Vanquished Creatures
  8 hell beasts (D)
  6 royal mummies (D)
  Harold (D)
  19 vampire knights (D)
  38 ogres (D)
  10 two-headed ogres (D)
  4 liches (D)
  5 hydras (D)
  102 orcs (D)
  6 phantoms (D)
  8 skeletal warriors (D)
  A sea snake (D)
208 creatures vanquished.

Vanquished Creatures (collateral kills)
  2 orcs (D)
2 creatures vanquished.

Grand Total: 210 creatures vanquished

Notes
Turn   | Place    | Note
-------+----------+-------------------------------------------
     0 | D        | Found the +∞ Axe of Woe
     0 | D        | jt the Gargoyle Artificer began the quest for the Orb.
     0 | D        | Reached XP level 1. HP: 12/12 MP: 1/1
     0 | D        | Noticed a bag of meat
     4 | D        | Became a worshipper of Makhleb the Destroyer
     4 | D        | Noticed a meat berserker
     5 | D        | Killed a bag of meat
     6 | D        | Reached skill level 5 in Fighting
     6 | D        | Reached XP level 2. HP: 22/22 MP: 2/2
     6 | D        | Reached XP level 3. HP: 27/27 MP: 3/3
     6 | D        | Reached XP level 4. HP: 32/32 MP: 4/4
     6 | D        | Reached XP level 5. HP: 36/36 MP: 5/5
     6 | D        | Reached XP level 6. HP: 41/41 MP: 6/6
     6 | D        | Reached XP level 7. HP: 45/45 MP: 7/7
     6 | D        | Reached XP level 8. HP: 51/51 MP: 8/8
     6 | D        | Reached XP level 9. HP: 55/55 MP: 9/9
     6 | D        | Reached XP level 10. HP: 60/60 MP: 10/10
     6 | D        | Reached XP level 11. HP: 64/64 MP: 11/11
     6 | D        | Noticed a bag of meat
     6 | D        | Noticed a bag of meat
     8 | D        | Killed a meat berserker
     8 | D        | Reached * piety under Makhleb
     8 | D        | Noticed a bag of meat
     8 | D        | Noticed a meat berserker
     8 | D        | Noticed a bag of meat
     8 | D        | Noticed a bag of meat
     9 | D        | Reached XP level 12. HP: 69/69 MP: 12/12
     9 | D        | Noticed a bag of meat
    10 | D        | Killed a meat berserker
    10 | D        | Noticed a meat berserker
    11 | D        | Reached XP level 13. HP: 74/74 MP: 13/13
    11 | D        | Noticed a bag of meat
    12 | D        | Killed a bag of meat
    12 | D        | Noticed a bag of meat
    13 | D        | Gained mutation: Your large and strong wings let you fly.
                  | [Gargoyle growth]
    13 | D        | Reached XP level 14. HP: 79/79 MP: 14/14
    13 | D        | Killed a bag of meat
    13 | D        | Reached ** piety under Makhleb
    13 | D        | Killed a bag of meat
    13 | D        | Noticed a large bag of meat
    14 | D        | Reached skill level 27 in Axes
    14 | D        | Noticed a large bag of meat
    14 | D        | Noticed a bag of meat
    14 | D        | Noticed a bag of meat
    15 | D        | Killed a meat berserker
    15 | D        | Killed a bag of meat
    15 | D        | Reached *** piety under Makhleb
    15 | D        | Noticed a bag of meat
    16 | D        | Reached XP level 15. HP: 119/119 MP: 15/15
    18 | D        | Reached **** piety under Makhleb
    19 | D        | Reached skill level 27 in Fighting
    19 | D        | Reached XP level 16. HP: 133/133 MP: 15/25
    19 | D        | Killed a large bag of meat
    19 | D        | Noticed a destroyer
    21 | D        | Killed a large bag of meat
    21 | D        | Reached ***** piety under Makhleb
    22 | D        | Reached XP level 17. HP: 84/139 MP: 15/34
    23 | D        | Noticed a meat berserker
    23 | D        | Noticed a meat berserker
    25 | D        | Noticed a meat berserker
    25 | D        | Noticed a large bag of meat
    25 | D        | Noticed a destroyer
    27 | D        | Killed a large bag of meat
    27 | D        | Noticed an eight-headed meat hydra
    27 | D        | Noticed a meat berserker
    28 | D        | Reached skill level 27 in Invocations
    28 | D        | Noticed a destroyer
    29 | D        | Killed a destroyer
    29 | D        | Killed a meat berserker
    29 | D        | Noticed a meat berserker
    29 | D        | Noticed a large bag of meat
    29 | D        | Noticed a meat berserker
    29 | D        | Noticed a large bag of meat
    30 | D        | Reached XP level 18. HP: 145/145 MP: 17/35
    30 | D        | Noticed a large bag of meat
    30 | D        | Noticed a destroyer
    31 | D        | Noticed a meat berserker
    31 | D        | Killed a nine-headed meat hydra
    31 | D        | Killed a meat berserker
    31 | D        | Reached ****** piety under Makhleb
    32 | D        | Reached skill level 27 in Armour
    32 | D        | Killed a destroyer
    32 | D        | Killed a meat berserker
    32 | D        | Noticed a meat berserker
    33 | D        | Reached skill level 27 in Dodging
    33 | D        | Reached XP level 19. HP: 151/151 MP: 17/36
    33 | D        | Killed a meat berserker
    33 | D        | Noticed a meat berserker
    34 | D        | Killed a meat berserker
    34 | D        | Noticed a sculptor of flesh
    35 | D        | Reached skill level 27 in Evocations
    35 | D        | Noticed a destroyer
    35 | D        | Noticed a destroyer
    36 | D        | Reached XP level 20. HP: 157/157 MP: 18/37
    36 | D        | Killed a destroyer
    37 | D        | Killed a large bag of meat
    37 | D        | Noticed a meat berserker
    37 | D        | Noticed a meat berserker
    38 | D        | Reached skill level 15 in Polearms
    38 | D        | Reached skill level 15 in Spellcasting
    38 | D        | Killed a meat berserker
    39 | D        | Reached XP level 21. HP: 163/163 MP: 18/43
    39 | D        | Killed a destroyer
    39 | D        | Noticed a meat berserker
    40 | D        | Killed a destroyer
    40 | D        | Noticed a large bag of meat
    41 | D        | Reached XP level 22. HP: 162/169 MP: 19/47
    41 | D        | Killed a large bag of meat
    41 | D        | Killed a large bag of meat
    41 | D        | Noticed a destroyer
    42 | D        | Reached skill level 27 in Stealth
    43 | D        | Noticed a destroyer
    44 | D        | Reached skill level 27 in Maces & Flails
    44 | D        | Reached skill level 27 in Polearms
    44 | D        | Reached skill level 27 in Unarmed Combat
    44 | D        | Reached skill level 27 in Spellcasting
    44 | D        | Reached skill level 10 in Staves
    44 | D        | Reached XP level 23. HP: 174/175 MP: 19/54
    44 | D        | Killed a destroyer
    45 | D        | Noticed a large bag of meat
    46 | D        | Reached skill level 27 in Staves
    46 | D        | Reached XP level 24. HP: 174/181 MP: 20/54
    47 | D        | Reached skill level 27 in Shields
    47 | D        | Killed a destroyer
    47 | D        | Killed a destroyer
    48 | D        | Noticed an accursed
    48 | D        | Noticed an accursed
    49 | D        | Reached skill level 10 in Conjurations
    49 | D        | Reached XP level 25. HP: 182/187 MP: 21/54
    49 | D        | Noticed a destroyer
    50 | D        | Reached skill level 10 in Short Blades
    50 | D        | Reached skill level 10 in Long Blades
    50 | D        | Reached skill level 10 in Slings
    50 | D        | Reached skill level 10 in Throwing
    50 | D        | Reached skill level 10 in Hexes
    50 | D        | Reached skill level 10 in Summonings
    50 | D        | Reached skill level 10 in Translocations
    51 | D        | Reached skill level 10 in Necromancy
    51 | D        | Reached skill level 10 in Transmutations
    51 | D        | Reached skill level 10 in Air Magic
    52 | D        | Reached skill level 15 in Earth Magic
    52 | D        | Reached XP level 26. HP: 193/193 MP: 21/54
    53 | D        | Killed a large bag of meat
    54 | D        | Reached skill level 15 in Conjurations
    54 | D        | Noticed an accursed
    56 | D        | Noticed a destroyer
    57 | D        | Reached skill level 15 in Bows
    57 | D        | Reached skill level 15 in Crossbows
    57 | D        | Reached skill level 15 in Fire Magic
    57 | D        | Reached skill level 15 in Ice Magic
    57 | D        | Reached skill level 15 in Poison Magic
    57 | D        | Killed an accursed
    58 | D        | Reached skill level 15 in Short Blades
    58 | D        | Noticed a destroyer
    59 | D        | Killed an accursed
    60 | D        | Reached skill level 15 in Necromancy
    60 | D        | Reached skill level 15 in Transmutations
    60 | D        | Reached skill level 15 in Air Magic
    60 | D        | Reached XP level 27. HP: 156/199 MP: 23/54
    60 | D        | Killed an accursed
    60 | D        | Killed a large bag of meat
    62 | D        | Killed a destroyer
    63 | D        | Noticed a meat beast
    63 | D        | Noticed a large bag of meat
    66 | D        | Noticed a large bag of meat
    67 | D        | Noticed a destroyer
    68 | D        | Noticed a destroyer
    69 | D        | Noticed a meat beast
    71 | D        | Noticed a destroyer
    72 | D        | Reached skill level 27 in Earth Magic
    72 | D        | Killed a meat beast
    72 | D        | Killed a destroyer
    72 | D        | Killed a destroyer
    73 | D        | Reached skill level 27 in Conjurations
    73 | D        | Noticed The Servant
    73 | D        | Noticed a meat beast
    74 | D        | Noticed a destroyer
    74 | D        | Killed a destroyer
    74 | D        | Noticed a destroyer
    75 | D        | Noticed a meat beast
    76 | D        | Killed a meat beast
    76 | D        | Killed a large bag of meat
    77 | D        | Reached skill level 27 in Bows
    77 | D        | Reached skill level 27 in Crossbows
    77 | D        | Reached skill level 27 in Fire Magic
    77 | D        | Reached skill level 27 in Ice Magic
    77 | D        | Reached skill level 27 in Poison Magic
    79 | D        | Killed a destroyer
    79 | D        | Killed a meat beast
    80 | D        | Reached skill level 27 in Short Blades
    80 | D        | Reached skill level 27 in Long Blades
    80 | D        | Reached skill level 27 in Slings
    80 | D        | Reached skill level 27 in Throwing
    80 | D        | Reached skill level 27 in Hexes
    80 | D        | Reached skill level 27 in Summonings
    80 | D        | Reached skill level 27 in Translocations
    80 | D        | Killed a destroyer
    80 | D        | Killed a destroyer
    81 | D        | Reached skill level 27 in Necromancy
    81 | D        | Reached skill level 27 in Transmutations
    81 | D        | Reached skill level 27 in Air Magic
    81 | D        | Killed a large bag of meat
    84 | D        | Killed a destroyer
    85 | D        | Noticed a meat beast
    85 | D        | Noticed a destroyer
    86 | D        | Killed The Servant
    89 | D        | Noticed a tyrant
    89 | D        | Noticed an accursed
    89 | D        | Noticed a destroyer
    89 | D        | Noticed a tyrant
    90 | D        | Killed a meat beast
    90 | D        | Killed a tyrant
    95 | D        | Killed a tyrant
    95 | D        | Killed a destroyer
    96 | D        | Noticed a meat beast
    96 | D        | Noticed a tyrant
    96 | D        | Noticed a meat beast
    98 | D        | Noticed an accursed
    99 | D        | Noticed an accursed
   102 | D        | Killed a meat beast
   106 | D        | Killed a destroyer
   106 | D        | Killed a meat beast
   107 | D        | Noticed a destroyer
   107 | D        | Killed a tyrant
   108 | D        | Killed a meat beast
   108 | D        | Killed a destroyer
   109 | D        | Killed an accursed
   111 | D        | Noticed a tyrant
   112 | D        | Noticed a meat beast
   113 | D        | Killed an accursed
   117 | D        | Killed an accursed
   118 | D        | Killed a meat beast
   121 | D        | Noticed a dread
   121 | D        | Noticed a dread
   123 | D        | Killed a tyrant
   128 | D        | Noticed a fleshlord
   128 | D        | Noticed a fleshlord
   130 | D        | Noticed a fleshlord
   130 | D        | Killed from afar by an observer

Illustrated notes

Levels and vault maps discovered:
D:        meatsprint

Skill      XL: |  1  2  3  4  5  6  7  8  9 10 11 12 13 14 15 16 17 18 19 20 21 22 23 24 25 26 27 |
---------------+----------------------------------------------------------------------------------+-----
Fighting       | 5 23 27 | 27.0
Axes           | 3 18 23 25 27 | 27.0
Armour         | 12 24 27 | 27.0
Dodging        | 3 17 27 | 27.0
Evocations     | 20 21 27 | 27.0
Invocations    | 13 26 27 | 27.0
Maces & Flails | 12 19 22 27 | 27.0
Polearms       | 11 18 21 27 | 27.0
Stealth        | 14 22 26 27 | 27.0
Unarmed Combat | 12 19 22 27 | 27.0
Spellcasting   | 11 18 21 27 | 27.0
Staves         | 10 27 | 27.0
Shields        | 19 27 | 27.0
Short Blades   | 9 12 16 27 | 27.0
Long Blades    | 8 12 16 27 | 27.0
Slings         | 8 12 16 27 | 27.0
Bows           | 9 12 17 27 | 27.0
Crossbows      | 9 13 17 27 | 27.0
Throwing       | 8 12 16 27 | 27.0
Conjurations   | 10 14 19 27 | 27.0
Hexes          | 9 12 16 27 | 27.0
Summonings     | 8 12 16 27 | 27.0
Necromancy     | 8 11 15 27 | 27.0
Translocations | 9 12 16 27 | 27.0
Transmutations | 8 11 15 27 | 27.0
Fire Magic     | 9 12 17 27 | 27.0
Ice Magic      | 9 13 17 27 | 27.0
Air Magic      | 8 11 15 27 | 27.0
Earth Magic    | 11 15 20 27 | 27.0
Poison Magic   | 9 13 17 27 | 27.0

Action                   |  1- 3 |  4- 6 |  7- 9 | 10-12 | 13-15 | 16-18 | 19-21 | 22-24 | 25-27 || total
-------------------------+-------+-------+-------+-------+-------+-------+-------+-------+-------++-------
Melee: Executioner's axe |     1 |       |       |     2 |     5 |     7 |     8 |     8 |    55 ||    86
Invok: Greater Servant o |       |       |       |       |       |       |       |       |     3 ||     3
       Major Destruction |       |       |       |       |       |       |       |       |     3 ||     3
Evoke: Piece from Xom's  |       |       |       |       |     1 |     1 |       |       |       ||     2
  Use: Potion            |       |       |       |       |       |       |       |       |     1 ||     1
Armor: Leather armour    |       |       |       |       |       |       |       |     1 |     6 ||     7
Dodge: Dodged            |       |       |       |       |       |       |       |       |     5 ||     5

Table legend: (Time is in decaauts)
 A = Elapsed time spent in this place.
 B = Non-inter-level travel time spent in this place.
 C = Inter-level travel time spent in this place.
 D = Time resting spent in this place.
 E = Time spent auto-exploring this place.
 F = Levels seen in this place.
 G = Mean time per level.
                   A        B        C        D        E       F      G
               +--------+--------+--------+--------+--------+-----+--------+
         Total |     97 |     97 |      0 |      0 |      0 |   1 |   97.0 |
       Dungeon |     97 |     97 |      0 |      0 |      0 |   1 |   97.0 |
               +--------+--------+--------+--------+--------+-----+--------+

Top non-repeatable levels by time:
       D: 97 daAuts
